 Dungeon Crawl Stone Soup version 0.29-a0-1043-g569b05d6ff (webtiles) character file.

Game seed: 463569757875308212

695 siradein the Skirmisher (level 7, 0/46 HPs)
             Began as a Kobold Hunter on Aug 15, 2022.
             Was an Initiate of Fedhas.
             Slain by an orc wizard
             ... wielding a +0 dagger
              (3 damage)
             ... on level 5 of the Dungeon.
             The game lasted 00:11:03 (4671 turns).

siradein the Skirmisher (Kobold Hunter)             Turns: 4671, Time: 00:11:03

Health: 0/46       AC:  6    Str:  8    XL:     7   Next: 96%
Magic:  8/8        EV: 14    Int: 11    God:    Fedhas [......]
Gold:   170        SH:  0    Dex: 20    Spells: 6/6 levels left

rFire   . . .      SeeInvis .   a - +0 shortbow
rCold   . . .      Faith    .   (shield currently unavailable)
rNeg    . . .      Spirit   .   c - +0 leather armour
rPois   .          Reflect  .   v - +1 helmet of Ciquru Ytoke {Harm Rampage *Slow Stlth+}
rElec   .          Harm     +   (no cloak)
rCorr   .          Rampage  +   (no gloves)
Will    .....                   j - +0 pair of boots
Stlth   +++.......              (no amulet)
HPRegen 0.00/turn               (no ring)
MPRegen 0.11/turn               (no ring)

@: confused, inhibited regen
A: small, no large weapons, nightstalker 3, low MP 1, inhibited regeneration,
noise suppression
a: Renounce Religion


You were on level 5 of the Dungeon.
You worshipped Fedhas.
Fedhas was noncommittal.
You visited 1 branch of the dungeon, and saw 6 of its levels.

You collected 200 gold pieces.
You spent 30 gold pieces at shops.

Inventory:

Hand Weapons
 a - a +0 shortbow (weapon)
Armour
 c - a +0 leather armour (worn)
 j - a +0 pair of boots (worn)
 v - the +1 helmet of Ciquru Ytoke (worn) {Harm Rampage *Slow Stlth+}
   (You found it on level 6 of the Dungeon)

   *Slow:     It may slow you when you take damage.
   Harm:      It increases damage dealt and taken.
   Rampage:   It bestows one free step when moving towards enemies.
   Stlth:     It makes you more stealthy.
Jewellery
 u - a ring of wizardry
Wands
 n - a wand of paralysis (8)
Scrolls
 b - a scroll of immolation
 d - a scroll of fear {unknown}
 e - 3 scrolls of teleportation
 i - a scroll of silence {unknown}
 k - a scroll of butterflies {unknown}
 m - 2 scrolls of poison {unknown}
 p - 4 scrolls of noise {unknown}
 q - a scroll of identify
 s - a scroll of magic mapping {unknown}
Potions
 f - 2 potions of heal wounds {unknown}
 g - a potion of berserk rage {unknown}
 l - a potion of invisibility
 o - 2 potions of lignification
 r - 2 potions of cancellation {unknown}
 t - a potion of flight {unknown}


   Skills:
 + Level 6.0 Fighting
 + Level 8.6 Ranged Weapons
 - Level 2.4 Dodging
 - Level 1.3 Stealth
 + Level 3.6 Invocations


You had 6 spell levels left.
You didn't know any spells.
Your spell library contained the following spells:

 Spells                   Type           Power      Damage    Failure   Level
 Beastly Appendage        Tmut           0%         N/A       45%         1
 Ignite Poison            Fire/Tmut/Pois 0%         N/A       83%         3
 Mephitic Cloud           Conj/Pois/Air  0%         N/A       83%         3
 Freezing Cloud           Conj/Ice/Air   0%         6-21      100%        5
 Lee's Rapid Deconstruct  Erth           0%         3d5*      100%        5


Dungeon Overview and Level Annotations

Branches:
Dungeon (6/15)
 Temple: D:4-7

Altars:
Fedhas
Hepliaklqana
Makhleb
Uskayaw
Vehumet

Shops:
D:1 !(*   D:6 [

Annotations:
D:6 Sigmund


Innate Abilities, Weirdness & Mutations

You are small and have problems with some larger weapons.
You are completely attuned to the shadows.
Your magical capacity is low. (-10% MP)
You do not regenerate when monsters are visible.
You passively dampen the noise of your surroundings.


Message History

Something completely misses you.
Fire: a) +0 shortbow
Press: ? - help, Q - select action, (/) - cycle Shift-Dir - straight line You shoot an arrow.
Something hits you but does no damage.
Fire: a) +0 shortbow
Press: ? - help, Q - select action, (/) - cycle Shift-Dir - straight line You shoot an arrow.
Something hits you but does no damage.
Fire: a) +0 shortbow
Press: ? - help, Q - select action, (/) - cycle Shift-Dir - straight line You shoot an arrow.
Something hits you but does no damage.
Fire: a) +0 shortbow
Press: ? - help, Q - select action, (/) - cycle Shift-Dir - straight line You shoot an arrow.
You hear some strange, mumbled words.
You are confused.
Something hits you but does no damage.
Non-targeted confused fire: a) +0 shortbow
Press: ? - help, Q - select action, (/) - cycle Dir - look around, f - activate You shoot an arrow.
Something hits you but does no damage.
Unknown command.
Non-targeted confused fire: a) +0 shortbow
Press: ? - help, Q - select action, (/) - cycle Dir - look around, f - activate You shoot an arrow.
Something hits you but does no damage.
Unknown command.
Non-targeted confused fire: a) +0 shortbow
Press: ? - help, Q - select action, (/) - cycle Dir - look around, f - activate You shoot an arrow.
You hear some strange, mumbled words.
Something tries to affect you, but you resist.
Non-targeted confused fire: a) +0 shortbow
Press: ? - help, Q - select action, (/) - cycle Dir - look around, f - activate You shoot an arrow.
Something hits you.
You die...
Fedhas appreciates your contribution to the ecosystem.

##.## ##.# #..# #..#
##.## #....#. #..#
#...... ##..# #......
....## #########..)...
#.#..## ##......@{..)...
####..###........##...#.
###.#.........##.#...
##.........###.....
#.........## ..##..
##.......# #......#
##)...


There were no monsters in sight!

Vanquished Creatures
  2 phantoms
  Blork the orc (D:5)
  A necrophage (D:6)
  A scorpion (D:4)
  A howler monkey (D:3)
  3 hounds
  An orc priest (D:5)
  An iguana (D:4)
  2 orc wizards (D:3)
  5 adders
  An ufetubus (D:5)
  6 worms
  3 dart slugs
  3 orcs
  4 endoplasms
  A giant cockroach (D:4)
  5 goblins
  7 hobgoblins
  A jackal (D:3)
  2 quokkas
  4 ball pythons
  7 bats
  5 frilled lizards
  3 kobolds
  5 rats
75 creatures vanquished.

Vanquished Creatures (others)
  6 plants (D:2)
6 creatures vanquished.

Grand Total: 81 creatures vanquished

Notes
Turn   | Place    | Note
-------+----------+-------------------------------------------
     0 | D:1      | siradein the Kobold Hunter began the quest for the Orb.
     0 | D:1      | Reached XP level 1. HP: 12/12 MP: 1/1
   116 | D:1      | Found Runoar's General Store.
   185 | D:1      | Reached XP level 2. HP: 18/18 MP: 2/2
   333 | D:1      | Found a faded altar of an unknown god.
   432 | D:1      | Found Ineuntuts's Weapon Shoppe.
   437 | D:1      | Found Beotz's Distillery.
   442 | D:1      | Bought a potion of curing for 30 gold pieces
   699 | D:1      | Reached XP level 3. HP: 23/23 MP: 3/3
   805 | D:2      | Reached skill level 6 in Ranged Weapons
  1454 | D:2      | Reached XP level 4. HP: 28/28 MP: 4/4
  2246 | D:3      | Found a hide-covered altar of Uskayaw.
  2572 | D:3      | Reached XP level 5. HP: 33/33 MP: 5/5
  2754 | D:3      | Reached skill level 7 in Ranged Weapons
  3052 | D:3      | Found a blossoming altar of Fedhas.
  3057 | D:3      | Became a worshipper of Fedhas Madash
  3476 | D:4      | Noticed a phantom
  3485 | D:3      | Reached skill level 1 in Invocations
  3485 | D:3      | Reached XP level 6. HP: 28/39 MP: 6/6
  3558 | D:4      | Reached skill level 5 in Fighting
  3708 | D:4      | Reached XP level 7. HP: 44/44 MP: 8/8
  3935 | D:3      | Reached skill level 8 in Ranged Weapons
  4069 | D:4      | You fall into a shaft and drop 2 floors!
  4168 | D:6      | Found a radiant altar of Vehumet.
  4179 | D:6      | Found a hazy altar of Hepliaklqana.
  4182 | D:6      | Identified the +1 helmet of Ciquru Ytoke {Harm Rampage
                  | *Slow Stlth+}
  4316 | D:6      | Noticed Sigmund
  4318 | D:6      | Gained mutation: You passively dampen the noise of your
                  | surroundings. [potion of mutation]
  4318 | D:6      | Gained mutation: You do not regenerate when monsters are
                  | visible. [potion of mutation]
  4318 | D:6      | Gained mutation: Your magical capacity is low. (-10% MP)
                  | [potion of mutation]
  4422 | D:6      | Found Hiar's Antique Armour Emporium.
  4486 | D:6      | Found a burning altar of Makhleb.
  4492 | D:5      | Entered Level 5 of the Dungeon
  4559 | D:5      | Got the Verses on Earth and Reformation
  4637 | D:5      | Noticed Blork the orc
  4642 | D:5      | Killed Blork the orc
  4671 | D:5      | Slain by an orc wizard

Illustrated notes

Levels and vault maps discovered:
D:1:      co_arrival_square_in_a_square_in_a_square, layout_basic, serial_shops,
          shop, shop, nicolae_shop_crystal, hellmonk_ecumenical_altar_run_dry,
          feat_on_display
D:2:      layout_loops_cross, serial_forest, infiniplex_forest_lined_2,
          infiniplex_forest_zigzag_1, infiniplex_forest_clump_large,
          infiniplex_forest_lined_corner, infiniplex_forest_clump_medium,
          minmay_surrounded
D:3:      layout_basic, mainiacjoe_overflow_six_doors_small, fedhas_altar_1,
          minmay_close_crescents
D:4:      layout_rooms, hellmonk_ghost_happy_afterlife
D:5:      layout_cave_pods, overflow_temple_1_default, minmay_temple_entry_hall,
          serial_park_tiny_1, minmay_misc_feat_more_columns, uniq_blork_the_orc
D:6:      minmay_thick_lines, layout_loops_ring, nicolae_overflow_hidden_temple,
          mainiacjoe_overflow_concentric_impassable, makhleb_altar_promises_db,
          mainiacjoe_overflow_paths, serial_shops, nicolae_shop_statue_plus,
          minmay_misc_feat_ornament, uniq_sigmund

Skill      XL: |  1  2  3  4  5  6  7 |
---------------+----------------------+-----
Fighting       | 3 4 5 6 |  6.0
Ranged Weapons | 6 7 8 |  8.6
Invocations    | 1 2 3 |  3.6
Dodging        | |  2.4
Stealth        | |  1.3

Action                   |  1- 3 |  4- 6 |  7- 9 || total
-------------------------+-------+-------+-------++-------
Melee: Shortbow          |       |       |     1 ||     1
 Fire: Shortbow          |    70 |   126 |    76 ||   272
  Use: Scroll            |     1 |     3 |       ||     4
       Potion            |       |       |     4 ||     4
Armor: Leather armour    |     3 |    27 |    24 ||    54
Dodge: Dodged            |    25 |    65 |    53 ||   143

Table legend: (Time is in decaauts)
 A = Elapsed time spent in this place.
 B = Non-inter-level travel time spent in this place.
 C = Inter-level travel time spent in this place.
 D = Time resting spent in this place.
 E = Time spent auto-exploring this place.
 F = Levels seen in this place.
 G = Mean time per level.
                   A        B        C        D        E       F      G
               +--------+--------+--------+--------+--------+-----+--------+
         Total |   4733 |   4625 |    108 |      0 |   3964 |   6 |  788.8 |
       Dungeon |   4733 |   4625 |    108 |      0 |   3964 |   6 |  788.8 |
               +--------+--------+--------+--------+--------+-----+--------+

Top non-repeatable levels by time:
     D:2: 1495 daAuts
     D:3: 1488 daAuts
     D:1: 766 daAuts
     D:6: 426 daAuts
     D:4: 371 daAuts
     D:5: 184 daAuts
